Map: Torri del crepuscolo

Players

Jhyrachy - Winner!

  • Race: Zerg Zerg
  • League: Silver

missClick

  • Race: Protoss Protoss
  • League: Gold

VOD

Have the link to the VOD?

Description

Time

  • Played on: April 5, 2016, 7:36 p.m.
  • Length: 14:07
Show
View Real Time Build Order
Export as new Build Order

Jhyrachy Zerg - Winner!

Build Orders: Pool First 

Get SALT Encoding   

  12  0:19  Drone  
  12  0:20  Drone  
  14  0:24  Overlord  
  14  0:53  Drone x3  
  17  1:29  Spawning Pool  
  17  1:32  Drone x3  
  19  1:45  Drone  
  20  1:58  Drone  
  21  2:05  Hatchery  
  20  2:15  Extractor  
  19  2:18  Zergling x4  
  21  2:27  Overlord  
  21  2:45  Queen  
  23  2:53  Hatchery  
  22  3:11  Drone x3  
  25  3:17  Queen  
  27  3:23  Drone x2  
  28  3:47  Metabolic Boost  
  28  3:51  Drone x4  
  28  3:52  Drone  
  33  4:06  Queen  
  35  4:21  Evolution Chamber  
  34  4:25  Pneumatized Carapace  
  34  4:27  Zergling x2  
  34  4:28  Zergling x12  
  41  4:32  Overlord x3  
  41  5:09  Zergling x20  
  47  5:27  Zergling x6  
  47  5:28  Zergling x10  
  51  6:10  Zergling x12  
  51  6:11  Zergling x12  
  50  7:19  Spore Crawler  
  50  7:21  Spore Crawler  
  50  7:22  Spore Crawler  
  45  7:23  Spore Crawler  
  45  7:26  Spore Crawler  
  45  7:27  Spore Crawler  
  45  7:28  Queen  
  41  7:33  Queen  
  41  7:38  Queen  
  39  8:28  Lair  
  39  8:33  Extractor  
  32  9:00  Drone x2  
  33  9:19  Overlord x2  
  33  9:20  Overlord x2  
  33  9:21  Overlord  
  28  9:47  Drone x10  
  28  9:48  Drone x6  
  28  9:49  Drone  
  28  9:50  Drone x11  
  28  9:51  Queen  
  58  9:58  Queen  
  58  9:59  Queen  
  62  10:06  Hydralisk Den  
  59  10:19  Spore Crawler  
  53  10:26  Spore Crawler  
  53  10:27  Queen  
  52  10:30  Spore Crawler  
  52  10:34  Drone, Queen  
  52  10:35  Drone x14  
  64  10:42  Muscular Augments  
  64  10:50  Extractor  
  64  10:52  Extractor  
  62  11:03  Queen  
  64  11:12  Zerg Missile Weapons Level 1  
  64  11:19  Drone  
  64  11:20  Drone x2  
  64  11:21  Extractor  
  64  11:22  Overlord  
  64  11:23  Overlord x3  
  66  11:47  Hydralisk x8  
  66  11:48  Hydralisk x8  
  98  11:55  Hatchery  
  97  12:16  Hydralisk x4  
  102  12:38  Hydralisk x2  
  102  12:41  Overlord x3  
  106  13:14  Spore Crawler  
  106  13:16  Spore Crawler x2  
  103  13:27  Hydralisk x6  
  103  13:28  Hydralisk x9  
  133  13:47  Drone x3  
  136  13:49  Overlord x3  
Show
View Real Time Build Order
Export as new Build Order

missClick Protoss 

Build Orders:  

Get SALT Encoding   

  12  0:01  Probe (Chrono Boost)  
  14  0:14  Probe (Chrono Boost)  
  14  0:23  Pylon  
  14  0:26  Probe (Chrono Boost)  
  15  0:41  Probe (Chrono Boost)  
  16  0:49  Pylon  
  16  0:53  Probe (Chrono Boost)  
  16  0:54  Gateway  
  17  1:00  Pylon  
  17  1:07  Probe (Chrono Boost)  
  18  1:12  Assimilator  
  18  1:21  Probe (Chrono Boost)  
  19  1:36  Probe (Chrono Boost)  
  20  1:50  Nexus  
  20  1:56  Cybernetics Core, Probe (Chrono Boost)  
  21  2:02  Assimilator  
  21  2:10  Probe (Chrono Boost)  
  22  2:21  Gateway  
  24  2:34  Adept (Chrono Boost)  
  24  2:37  Warp Gate  
  24  2:41  Probe  
  25  2:51  Pylon  
  25  3:07  Pylon  
  25  3:09  Adept (Chrono Boost)  
  25  3:12  Probe  
  29  3:13  Probe, Adept (Chrono Boost)  
  29  3:18  Assimilator  
  31  3:28  Gateway  
  31  3:35  Pylon  
  31  3:41  Probe  
  31  3:42  Probe  
  31  3:46  Adept (Chrono Boost)  
  37  3:49  Adept (Chrono Boost)  
  37  3:54  Probe  
  37  3:55  Probe  
  38  4:08  Stargate  
  38  4:10  Stargate  
  38  4:18  Probe  
  38  4:20  Probe  
  40  4:29  Pylon  
  40  4:44  Adept  
  40  4:45  Adept x2  
  46  5:02  Phoenix x2 (Chrono Boost)  
  50  5:21  Probe x2  
  52  5:25  Assimilator  
  42  5:43  Phoenix x2 (Chrono Boost)  
  42  5:48  Twilight Council  
  42  5:51  Probe  
  42  5:52  Probe  
  44  6:05  Phoenix x2 (Chrono Boost), Forge  
  44  6:09  Adept x2  
  52  6:21  Probe x2  
  54  6:31  Templar Archives  
  54  6:37  Adept x2  
  54  6:38  Adept  
  50  6:58  Adept x2  
  50  6:59  Adept  
  49  7:12  Mothership Core  
  49  7:20  Adept x2  
  49  7:21  Adept  
  21  7:41  Adept x3  
  24  8:04  Probe  
  24  8:05  Probe  
  26  8:29  Probe x2  
  24  8:59  Sentry  
  26  9:09  Probe x2  
  28  9:14  Adept  
  22  9:43  Probe  
  22  9:44  Probe  
  24  9:56  Probe  
  25  10:02  Probe  
  26  10:40  Probe x2 (Chrono Boost)  
  28  10:52  Probe x2 (Chrono Boost)  
  30  11:03  Probe (Chrono Boost)  
  32  11:04  Probe (Chrono Boost)  
  32  11:13  Probe (Chrono Boost)  
  33  11:23  Probe (Chrono Boost)  
  33  11:24  Probe (Chrono Boost)  
  35  11:37  High Templar  
  35  11:38  High Templar  
  39  11:43  Archon  
  39  11:52  Probe (Chrono Boost)  
  39  11:53  Probe (Chrono Boost)  
  41  12:06  Probe x2 (Chrono Boost)  
  43  12:30  Probe x2 (Chrono Boost)  
  43  12:36  Adept x3  
  51  12:44  Probe x2 (Chrono Boost)  
  53  12:54  Probe (Chrono Boost)  
  52  13:15  High Templar  
  54  13:29  Pylon  
  54  13:35  Assimilator  
  54  13:48  Probe x2 (Chrono Boost)  
  56  13:54  High Templar  
  58  13:56  High Templar  
Tags
 
Add a new tag
Caveats
  • Supply blocks, unpowered buildings, or Contaminate may cause inaccurate times.
  • Supply counts are checked every 10 seconds.